 Dungeon Crawl Stone Soup version 0.25-a0-464-g3004169 (webtiles) character file.

Game seed: 15132917144021150913, levelgen mode: deterministic

46 15 the Firebug (level 3, -3/19 HPs)
             Began as a Tengu Fire Elementalist on Feb 4, 2020.
             Killed from afar by Natasha (6 damage)
             ... with a magic dart
             ... on level 2 of the Dungeon.
             The game lasted 00:05:58 (1447 turns).

15 the Firebug (Tengu Fire Elementalist)            Turns: 1447, Time: 00:05:59

Health: -3/19      AC:  0    Str:  9    XL:     3   Next: 68%
Magic:  3/7        EV: 21    Int: 20    God:
Gold:   80         SH:  0    Dex: 19    Spells: 3/7 levels left

rFire    . . .     SeeInvis .   (weapon currently unavailable)
rCold    . . .     Gourm    .   (shield currently unavailable)
rNeg     . . .     Faith    .   (armour currently unavailable)
rPois    .         Spirit   .   (helmet currently unavailable)
rElec    .         Reflect  .   (cloak currently unavailable)
rCorr    .         Harm     .   (gloves currently unavailable)
MR       .....                  (boots unavailable)
Stlth    +++.......             (no amulet)
HPRegen  0.06/turn              (ring currently unavailable)
MPRegen  0.10/turn              (ring currently unavailable)

@: brilliant, agile, pig-form, very quick
A: small
a: no special abilities


You were on level 2 of the Dungeon.
You were not hungry.
You were a filthy swine.
You visited 1 branch of the dungeon, and saw 2 of its levels.

You collected 80 gold pieces.

Inventory:

Hand Weapons
 e - a +0 mace
 h - a cursed -2 mace (melded)
 j - a +0 dagger
Armour
 a - a +0 robe (melded)
 g - a +0 pair of gloves (melded)
Jewellery
 d - a cursed ring of attention (melded)
Potions
 b - a potion of magic
Comestibles
 c - 4 rations
 i - 5 chunks of flesh


   Skills:
 * Level 0.5 Armour
 * Level 2.5 Dodging
 + Level 2.2 Stealth
 * Level 2.5 Spellcasting
 * Level 2.1 Conjurations
 + Level 3.8 Fire Magic


You had 3 spell levels left.
You knew the following spells:

 Your Spells              Type           Power        Failure   Level  Hunger
a - Foxfire               Conj/Fire      ####         1%          1    None
b - Conjure Flame         Conj/Fire      ####....     1%          3    ###....

Your spell library contained the following spells:

 Spells                   Type           Power        Failure   Level  Hunger
 Inner Flame              Hex/Fire       ###.....     2%          3    ###....
 Sticky Flame             Conj/Fire      ####....     5%          4    ####...
 Fireball                 Conj/Fire      ####......   13%         5    ######.


Dungeon Overview and Level Annotations

Branches:
Dungeon (2/15)

Altars:

Annotations:
D:2 Natasha


Innate Abilities, Weirdness & Mutations

((You have a beak for a mouth.))
((You have claws for feet.))


Message History

Natasha is moderately wounded.
Natasha casts a spell at you. The magic dart hits you!
* * * LOW HITPOINT WARNING * * *
You hit Natasha.
Natasha is heavily wounded.
Natasha misses you.
You closely miss Natasha.
Natasha is heavily wounded.
Natasha completely misses you.
You hit Natasha but do no damage.
Natasha is heavily wounded.
You hit Natasha.
Natasha is heavily wounded.
Natasha mumbles some strange words.
You hit Natasha.
Natasha is severely wounded.
Natasha stares at you and mumbles some strange words.
The magic dart hits you.
You die...

# #.#.# #
######÷#.#### #
##.÷.........###
######...###<#......#
..........##.####.#.#
.............# #.#.#
#####.....#### #.#.#
#..÷.########.#.#
#.#.###....)h..5#
#.#.# #.#####h###
#.......#####.#
###......h....#
#############


You could see Natasha and a shadow imp.

Vanquished Creatures
  An adder (D:2)
  A leopard gecko (D:2)
  A giant cockroach (D:1)
  4 goblins
  4 hobgoblins
  3 jackals (D:2)
  3 kobolds
  11 bats
  2 frilled lizards (D:1)
  4 rats
34 creatures vanquished.

Vanquished Creatures (others)
  79 foxfires
79 creatures vanquished.

Grand Total: 113 creatures vanquished

Notes
Turn   | Place    | Note
-------+----------+-------------------------------------------
     0 | D:1      | 15 the Tengu Fire Elementalist began the quest for the Orb.
     0 | D:1      | Reached XP level 1. HP: 10/10 MP: 4/4
   168 | D:1      | Reached XP level 2. HP: 15/15 MP: 0/6
  1174 | D:1      | Reached XP level 3. HP: 19/19 MP: 3/7
  1179 | D:1      | Learned a level 3 spell: Conjure Flame
  1428 | D:2      | Noticed Natasha
  1447 | D:2      | Killed from afar by Natasha

Levels and vault maps discovered:
D:1:      psy_arrival_conway, layout_basic
D:2:      layout_loops_ring, vehumet_crystals, fedhas_altar_4, uniq_jessica,
          uniq_natasha, uniq_crazy_yiuf_cottage

Skill      XL: |  1  2  3 |
---------------+----------+-----
Conjurations   | 2 |  2.1
Armour         | |  0.5
Dodging        | |  2.5
Stealth        | |  2.2
Spellcasting   | |  2.5
Fire Magic     | |  3.8

Action                   || total
-------------------------++-------
Melee: Unarmed           ||    15
       Mace              ||    33
       Kick              ||     5
       Peck              ||     6
 Cast: Foxfire           ||    66
  Use: Scroll            ||     5
       Potion            ||     3
  Eat: Chunk             ||     3
Armor: Robe              ||    11
Dodge: Dodged            ||    62

Table legend:
 A = Non-vault XP
 B = Vault XP
 C = Vault XP percentage of total XP
 D = Non-vault monster count
 E = Vault monster count
 F = Vault count percentage of total count
                 A         B        C        D         E       F
            +---------+---------+-------+---------+---------+-------
      Total |      67 |       0 |   0.0 |      34 |       0 |   0.0
            +---------+---------+-------+---------+---------+-------
        D:1 |      35 |       0 |   0.0 |      22 |       0 |   0.0
        D:2 |      32 |       0 |   0.0 |      12 |       0 |   0.0
            +---------+---------+-------+---------+---------+-------
